 Dungeon Crawl Stone Soup version bcrawl-1.17.3 (webtiles) character file.

Game seed: 6889690768897590923

8930 Bnni the Covert (level 11, -9/69 HPs)
             Began as a Twilight Stalker Archaeologist on Oct 20, 2019.
             Was a Believer of Wu Jian.
             Mangled by a two-headed ogre
             ... wielding a +0 giant club
              (30 damage)
             ... on level 8 of the Dungeon on Oct 21, 2019.
             The game lasted 00:49:17 (7165 turns).

Bnni the Covert (Twilight Stalker Archaeologist)    Turns: 7165, Time: 00:49:18

Health: -9/69      AC: 10    Str: 13    XL:     11   Next: 38%
Magic:  12/12      EV: 12    Int: 14    God:    Wu Jian [**....]
Gold:   707        SH:  8    Dex: 17    Spells: 10/10 levels left

rFire    + . .     SeeInvis .   p - +2 scimitar (elec)
rCold    + . .     Gourm    .   i - +0 buckler
rNeg     . . .     Faith    +   e - +0 ring mail {rC+}
rPois    +         Spirit   .   c - +2 hat
rElec    +         Reflect  .   G - +0 cloak
rCorr    .         Harm     .   (no gloves)
MR       +....                  d - +1 pair of boots
Stlth    ++++++....             h - amulet of faith
HPRegen  0.61/turn              K - ring of the Countless Eyes {rElec rPois rF+}
MPRegen  0.13/turn              b - ring of attention (curse)

@: no status effects
A: fangs 3, nightstalker 1, regeneration 1, no potion heal 3, rot immunity,
draining bite, strong jaws, assimilated armour
a: Wall Jump, Serpent's Lash, Renounce Religion


You were on level 8 of the Dungeon.
You worshipped Wu Jian.
Wu Jian was pleased with you.
You were not hungry.

You visited 2 branches of the dungeon, and saw 10 of its levels.

You collected 707 gold pieces.

Inventory:

Hand Weapons
 k - a +2 dagger of flaming
 p - a +2 scimitar of electrocution (weapon)
 r - a +0 bardiche of protection
 J - a +0 scimitar of flaming
Armour
 c - a +2 hat (worn)
 d - a +1 pair of boots (worn)
 e - a +0 ring mail of cold resistance (worn)
 i - a +0 buckler (worn)
 G - a +0 cloak (worn)
Jewellery
 a - an uncursed ring of ice
 b - a cursed ring of attention (right hand)
 h - an amulet of faith (around neck)
 q - the ring of the Seven Mice {*Drain Str+7 Dex+2, unknown}
   (You found it on level 9 of the Dungeon)

   [ring of dexterity]

   It affects your strength (+7).
   It affects your dexterity (+2).
   It causes draining when unequipped.
 K - the ring of the Countless Eyes (left hand) {rElec rPois rF+}
   (You found it on level 9 of the Dungeon)

   [ring of poison resistance]

   It protects you from fire.
   It insulates you from electricity.
   It protects you from poison.
Wands
 n - a wand of paralysis (25)
 t - a wand of digging (12)
 A - a wand of iceblast (9)
 C - a wand of flame (14)
 E - a wand of scattershot (5)
 H - a wand of polymorph (13)
Scrolls
 l - 3 scrolls of teleportation
 u - a scroll of enchant armour
 z - a scroll of fear
 B - a scroll of magic mapping
Potions
 f - a potion of mutation
 j - 6 potions of curing
 m - a potion of flight {unknown}
 o - a potion of might
 s - a potion of lignification
 v - a potion of agility
 x - a potion of brilliance
 D - a potion of magic
 F - 2 potions of heal wounds {unknown}
Comestibles
 g - 20 rations {!d}
 I - 8 chunks of flesh


   Skills:
 + Level 8.5 Fighting
 + Level 5.8(7.8) Short Blades
 - Level 8.1(9.0) Long Blades
   Level 0.8 Maces & Flails
 - Level 3.0 Dodging
 * Level 14.3 Stealth
 - Level 4.0 Shields


You had 10 spell levels left.
You didn't know any spells.
Your spell library contained the following spells:

 Spells                   Type           Power        Failure   Level  Hunger
 Corona                   Hex            #......      54%         1    ##.....
 Shock                    Conj/Air       #....        54%         1    ##.....
 Ensorcelled Hibernation  Hex/Ice        #.....       67%         2    ###....
 Swiftness                Chrm/Air       #.......     67%         2    ###....
 Confuse                  Hex            #.......     88%         3    ####...
 Dazzling Spray           Conj/Hex       #.....       88%         3    ####...
 Static Discharge         Air            #.......     88%         3    ####...
 Tukima's Dance           Hex            #.......     88%         3    ####...
 Airstrike                Air            #.........   99%         4    #####..
 Lightning Bolt           Conj/Air       #.........   100%        5    ######.


Dungeon Overview and Level Annotations

Branches:
Dungeon (9/12)             Temple (1/1) D:7             Orc (0/1) D:9
   Lair: D:7-9

Altars:
Ashenzari
Cheibriados
Dithmenos
Elyvilon
Fedhas
Gozag
Hepliaklqana
Kikubaaqudgha
Lugonu
Makhleb
Nemelex Xobeh
Okawaru
Qazlal
Ru
Sif Muna
Trog
Uskayaw
Vehumet
Wu Jian
Xom
Yredelemnul
Zin
The Shining One

Shops:
D:4 %   D:8 *


Innate Abilities, Weirdness & Mutations

You have razor-sharp teeth.
You are slightly more attuned to the shadows.
Your natural rate of healing is unusually fast.
Potions cannot restore your health.
You are immune to rotting.
Your bite drains your enemy's life force.
Your bites deal extra damage.
Your stealth is less affected by armour.


Message History

Aiming: Paralyse
Press: ? - help, Shift-Dir - straight line, f - two-headed ogre
Aim: a two-headed ogre, wielding two +0 giant clubs (moderately wounded, chance to defeat MR: 28%)
The two-headed ogre easily resists.
The two-headed ogre barely misses you.
The two-headed ogre hits you with a +0 giant club.
Okay, then.
There is an open door here.
There is an open door here.
There is an open door, spattered with blood here.
There is a stone staircase leading up, spattered with blood here.
The two-headed ogre hits you with a +0 giant club! x2
* * * LOW HITPOINT WARNING * * *
You climb upwards.
There is a stone staircase leading down here.
You spin and attack the two-headed ogre.
You hit the two-headed ogre but do no damage.
You bite the two-headed ogre!
The two-headed ogre is moderately wounded.
The two-headed ogre hits you with a +0 giant club!!
You die...

### ####### ##.#
#...... #.##
###...( ##.# ####
###.# #.######..#
### ##.#.......#
##..........#
#####
#.........O>#
##...#
##........@.##
##....##
#......[....#
##.^....#
##..<.......##
#.......# ###
##...........#
##.......# #
#.###...).......##
##........## #
#...............#
#..........# #
##..###........##
##..........###
#.## ##.......#
#...........##.
#.# ###....##
##...........##.


You could see a two-headed ogre.

Vanquished Creatures
  Erica (D:9)
  A centaur warrior (D:8)
  A two-headed ogre (D:9)
  Pikel (D:7)
  A centaur zombie (D:9)
  Maurice (D:8)
  3 trolls
  Grinder (D:5)
  3 hippogriffs (D:9)
  A wyvern (D:9)
  Eustachio (D:6)
  5 yaks (D:6)
  A basilisk (D:9)
  A hungry ghost (D:8)
  A water moccasin (D:7)
  2 orc warriors
  An ice beast (D:6)
  2 sky beasts (D:7)
  A slave (D:7)
  A phantom (D:4)
  2 ogres
  A crocodile (D:9)
  3 centaurs
  A big kobold (D:7)
  4 bullfrogs
  Blork the orc (D:6)
  2 scorpions
  6 killer bees (D:8)
  2 howler monkeys (D:8)
  A crimson imp (D:6)
  2 bullfrog zombies (D:6)
  6 hounds
  A quasit (D:8)
  5 jellies
  7 orc wizards
  2 orc priests
  A bullfrog skeleton (D:6)
  3 iguanas
  6 worker ants
  A howler monkey zombie (D:9)
  2 worker ant zombies (D:5)
  11 adders
  A shadow imp (D:8)
  7 oozes
  2 adder zombies
  2 worms
  3 dart slugs
  2 leopard geckos
  30 orcs
  2 ball pythons
  2 bats (D:1)
  3 giant cockroaches
  5 goblins
  10 hobgoblins
  12 jackals
  3 quokkas
  4 frilled lizards
  A jackal skeleton (D:7)
  15 kobolds
  A leopard gecko zombie (D:5)
  A quokka skeleton (D:4)
  4 rats
210 creatures vanquished.

Vanquished Creatures (others)
  A sky beast (D:6)
  A hound zombie (D:7)
  A jackal skeleton (D:7)
3 creatures vanquished.

Grand Total: 213 creatures vanquished

Notes
Turn   | Place    | Note
-------+----------+-------------------------------------------
     0 | D:1      | Bnni the Vine Stalker Archaeologist began the quest for the
                  | Orb.
     0 | D:1      | Reached XP level 1. HP: 11/11 MP: 2/2
    30 | D:1      | Reached skill level 1 in Fighting
   169 | D:1      | Reached XP level 2. HP: 17/17 MP: 3/3
   598 | D:2      | Reached XP level 3. HP: 22/22 MP: 4/4
   708 | D:2      | Reached skill level 1 in Long Blades
   947 | D:2      | Reached XP level 4. HP: 27/27 MP: 5/5
  1351 | D:2      | HP: 1/42 [worker ant (2)]
  1355 | D:2      | Reached XP level 5. HP: 2/32 MP: 6/6
  1356 | D:2      | HP: 2/48 [poisoned by a worker ant]
  1917 | D:4      | Found a snail-covered altar of Cheibriados.
  1966 | D:4      | Reached skill level 5 in Long Blades
  1966 | D:4      | Gained mutation: You have razor-sharp teeth. [Vine Stalker
                  | growth]
  1966 | D:4      | Reached XP level 6. HP: 16/37 MP: 7/7
  2311 | D:4      | Found Eriehuucw's Food Emporium.
  2398 | D:4      | Noticed a phantom
  2419 | D:4      | Killed a phantom
  2419 | D:4      | Reached XP level 7. HP: 43/43 MP: 8/8
  2875 | D:5      | Entered Level 5 of the Dungeon
  3622 | D:6      | Noticed Grinder
  3631 | D:5      | Killed Grinder
  3631 | D:5      | Reached skill level 5 in Fighting
  3631 | D:5      | Gained mutation: Your bite drains your enemy's life force.
                  | [Twilight Stalker growth]
  3631 | D:5      | Gained mutation: Your stealth is less affected by armour.
                  | [Twilight Stalker growth]
  3631 | D:5      | Gained mutation: You are slightly more attuned to the
                  | shadows. [Twilight Stalker growth]
  3631 | D:5      | Reached XP level 8. HP: 31/49 MP: 8/9
  3810 | D:6      | Reached skill level 1 in Short Blades
  3810 | D:6      | Reached skill level 5 in Stealth
  3892 | D:6      | Found the -1 butterfly sword {speed, MR+ *Curse}
  3911 | D:6      | Noticed a yak
  3913 | D:6      | Noticed a yak
  3915 | D:6      | Noticed a yak
  3916 | D:6      | Noticed a yak
  3917 | D:6      | Noticed a yak
  3927 | D:6      | Killed a yak
  3927 | D:6      | Reached skill level 1 in Shields
  3932 | D:6      | Reached skill level 6 in Stealth
  3935 | D:6      | Killed a yak
  3943 | D:6      | Killed a yak
  3943 | D:6      | Reached skill level 7 in Stealth
  3943 | D:6      | Reached XP level 9. HP: 21/55 MP: 10/10
  4034 | D:6      | Reached skill level 8 in Stealth
  4053 | D:6      | Noticed Eustachio
  4074 | D:6      | Killed Eustachio
  4253 | D:6      | Noticed Blork the orc
  4268 | D:6      | Killed Blork the orc
  4281 | D:6      | Reached skill level 9 in Stealth
  4678 | D:7      | Found a glowing golden altar of the Shining One.
  4698 | D:7      | Noticed Pikel
  4711 | D:7      | Reached skill level 10 in Stealth
  4719 | D:7      | Killed Pikel
  4719 | D:7      | Reached XP level 10. HP: 51/63 MP: 11/11
  4768 | D:7      | Found a staircase to the Ecumenical Temple.
  4881 | Temple   | Entered the Ecumenical Temple
  4969 | Temple   | Became a worshipper of the Wu Jian Council
  5014 | D:7      | Found an opulent altar of Gozag.
  5014 | D:7      | Found a shadowy altar of Dithmenos.
  5225 | D:7      | Reached skill level 11 in Stealth
  5601 | D:8      | Found Daxureh's Island Escapes.
  5654 | D:8      | Noticed a centaur warrior
  5663 | D:8      | Killed a centaur warrior
  5986 | D:8      | Reached skill level 12 in Stealth
  6001 | D:8      | Reached * piety under Wu Jian
  6136 | D:8      | Noticed Maurice
  6136 | D:8      | Paralysed by Maurice for 2 turns
  6148 | D:8      | Paralysed by something for 4 turns
  6157 | D:8      | Paralysed by something for 3 turns
  6162 | D:8      | Killed Maurice
  6522 | D:9      | Found a staircase to the Orcish Mines.
  6545 | D:9      | Noticed Erica
  6549 | D:9      | Killed Erica
  6549 | D:9      | Reached skill level 5 in Short Blades
  6549 | D:9      | Reached skill level 13 in Stealth
  6549 | D:9      | Reached XP level 11. HP: 63/68 MP: 12/12
  6614 | D:9      | Got a scintillating iron ring
  6615 | D:9      | Identified the ring of the Countless Eyes {rElec rPois rF+}
                  | (You found it on level 9 of the Dungeon)
  6626 | D:9      | Noticed a two-headed ogre
  6762 | D:9      | Killed a two-headed ogre
  6879 | D:9      | Reached skill level 14 in Stealth
  6916 | D:9      | Reached ** piety under Wu Jian
  6929 | D:9      | Got an ancient brass ring
  7097 | D:9      | Identified a scroll of acquirement
  7127 | D:9      | Noticed a two-headed ogre
  7165 | D:8      | Mangled by a two-headed ogre

Skill      XL: |  1  2  3  4  5  6  7  8  9 10 11 |
---------------+----------------------------------+-----
Fighting       | 1 2 3 4 5 7 8 |  8.5
Long Blades    | 2 4 5 6 7 8 |  8.1
Short Blades   | 1 3 5 |  5.8
Stealth        | 7 10 13 14 | 14.3
Shields        | 2 4 |  4.0
Maces & Flails | |  0.8
Dodging        | |  3.0

Action                   |  1- 3 |  4- 6 |  7- 9 | 10-12 || total
-------------------------+-------+-------+-------+-------++-------
Melee: Whip              |    95 |       |       |       ||    95
       Morningstar       |    38 |    91 |       |       ||   129
       Bite              |     5 |    19 |    90 |    44 ||   158
       Rapier            |       |    83 |       |       ||    83
       Great sword       |       |     6 |    60 |       ||    66
       Dagger            |       |       |   152 |       ||   152
       Scimitar          |       |       |    59 |   166 ||   225
Invok: Lunge             |       |       |       |    11 ||    11
       Whirlwind         |       |       |       |     1 ||     1
Evoke: Wand              |       |       |       |     3 ||     3
  Use: Scroll            |     6 |       |     6 |     5 ||    17
       Potion            |       |     6 |     1 |     3 ||    10
 Stab: Sleeping          |     7 |     4 |     5 |    12 ||    28
       Distracted        |       |       |     1 |     2 ||     3
  Eat: Chunk             |       |     5 |     8 |     3 ||    16
       Ration            |       |       |       |     2 ||     2
Armor: Robe              |    36 |    67 |       |       ||   103
       Skin              |       |     7 |       |     1 ||     8
       Ring mail         |       |       |    94 |    55 ||   149
Dodge: Dodged            |    99 |   126 |   130 |    67 ||   422
Block: Buckler           |       |    12 |    41 |    53 ||   106
       Other             |       |       |     4 |       ||     4
